 Dungeon Crawl Stone Soup version 0.22.1-6-g1668fe2 (webtiles) character file.

45 Tiagovsky the Digger (level 3, -2/21 HPs)
             Began as a Gargoyle Earth Elementalist on Jan 19, 2019.
             Slain by a goblin
             ... wielding a +0 dagger of freezing
             ... led by Robin
              (4 damage)
             ... on level 2 of the Dungeon.
             The game lasted 00:08:56 (2256 turns).

Tiagovsky the Digger (Gargoyle Earth Elementalist)  Turns: 2256, Time: 00:09:00

Health: -2/21      AC:  5    Str: 11    XL:     3   Next: 64%
Magic:  6/6        EV: 12    Int: 16    God:
Gold:   71         SH:  0    Dex: 10    Spells: 6/7 levels left

rFire    + + .     SeeInvis .   w - +0 mace
rCold    x . .     Gourm    .   (no shield)
rNeg     + . .     Faith    .   c - +0 robe
rPois    ∞         Spirit   .   (no helmet)
rElec    +         Reflect  .   (no cloak)
rCorr    .         Harm     .   (no gloves)
MR       .....                  (no boots)
Stlth    ++........             (no amulet)
HPRegen  0.07/turn              e - ring of protection from fire
MPRegen  0.10/turn              g - ring of fire

@: no status effects
A: negative energy resistance 1, electricity resistance, unbreathing,
petrification resistance, rot immunity, AC +3
a: no special abilities


You were on level 2 of the Dungeon.
You were hungry.

You visited 1 branch of the dungeon, and saw 2 of its levels.

You collected 71 gold pieces.

Inventory:

Hand Weapons
 q - a +0 hunting sling
 w - a +0 mace (weapon)
Missiles
 b - 43 stones (quivered)
Armour
 c - a +0 robe (worn)
Jewellery
 e - a ring of protection from fire (left hand)
 g - a ring of fire (right hand)
Scrolls
 h - a scroll of identify {unknown}
 i - a scroll of amnesia {unknown}
Potions
 a - a potion of lignification {unknown}
Comestibles
 d - 2 rations
 j - 9 chunks of flesh


   Skills:
 + Level 1.7 Fighting
 + Level 0.9 Maces & Flails
 - Level 1.5 Dodging
 - Level 2.1 Stealth
 + Level 2.5 Spellcasting
   Level 0.7 Transmutations
 + Level 4.2 Earth Magic


You had 6 spell levels left.
You knew the following spells:

 Your Spells              Type           Power        Failure   Level  Hunger
a - Sandblast             Erth           ###...       3%          1    #......

Your spell library contained the following spells:

 Spells                   Type           Power        Failure   Level  Hunger
 Passwall                 Tmut/Erth      #.......     11%         2    ##.....
 Stone Arrow              Conj/Erth      #.....       24%         3    ###....
 Petrify                  Tmut/Erth      #.......     56%         4    #####..
 Lee's Rapid Deconstruct  Erth           ###.......   67%         5    ######.


Dungeon Overview and Level Annotations

Branches:
Dungeon (2/15)

Altars:
Elyvilon
Okawaru

Annotations:
D:2 Robin


Innate Abilities, Weirdness & Mutations

You are resistant to torment.
Your stone body is resilient. (AC +3)
You are immune to poison.
You resist negative energy. (rN+)
You are resistant to electric shocks. (rElec)
You can survive without breathing.
You are immune to petrification.
You are immune to rotting.


Message History

The hobgoblin barely misses you. The goblin hits you but does no damage.
The goblin hits you with a club. The goblin hits you but does no damage.
The goblin hits you.
You hit the goblin.
The goblin is heavily wounded.
The hobgoblin hits you.
The goblin hits you but does no damage. x2
The goblin hits you with a dagger of freezing.
The goblin freezes you.
* * * LOW HITPOINT WARNING * * *
The goblin misses you. The hobgoblin hits you.
* * * LOW HITPOINT WARNING * * *
Eat one of 9 chunks of flesh? (ye/n/q)
Okay, then.
As you read the scroll labeled JAZAAC VYUNO, it crumbles to dust.
You feel blessed for a moment.
It was a scroll of remove curse.
Robin hits you with a dagger of holy wrath.
* * * LOW HITPOINT WARNING * * *
The goblin completely misses you. The goblin barely misses you.
The goblin hits you with a dagger of freezing.
You die...

#.# #.# #.# ## #.# ######. #.#
#...... #.# #.####. #.# .# #.# #.
####g#####.# #.# #. #..g@g.....#
#.# #. #..ggg.....# #.# #.
#..........# #.# ##. #..........#
#.# #.. .8 #..........####.###..
8...###.................###
...........)...............
..###########..[..............##.
.....)...........................


You could see Robin, a hobgoblin and 4 goblins.

Vanquished Creatures
  An adder (D:2)
  A worm (D:2)
  2 leopard geckos
  A giant cockroach (D:1)
  6 goblins
  5 hobgoblins
  2 jackals (D:1)
  4 bats
  2 frilled lizards (D:1)
  2 kobolds
  4 rats (D:1)
30 creatures vanquished.

Notes
Turn   | Place    | Note
-------+----------+-------------------------------------------
     0 | D:1      | Tiagovsky the Gargoyle Earth Elementalist began the quest
                  | for the Orb.
     0 | D:1      | Reached XP level 1. HP: 10/10 MP: 3/3
   526 | D:1      | Reached XP level 2. HP: 15/16 MP: 0/5
   537 | D:1      | Reached skill level 1 in Fighting
  1054 | D:1      | Reached skill level 4 in Earth Magic
  1564 | D:2      | Reached XP level 3. HP: 11/20 MP: 6/6
  1887 | D:2      | Found an iron altar of Okawaru.
  1988 | D:2      | Found a white marble altar of Elyvilon.
  2243 | D:2      | Noticed Robin
  2256 | D:2      | Slain by a goblin

Skill      XL: |  1  2 |
---------------+-------+-----
Fighting       | 1 |  1.7
Earth Magic    | 4 |  4.2
Maces & Flails | |  0.9
Dodging        | |  1.5
Stealth        | |  2.1
Spellcasting   | |  2.5
Transmutations | |  0.7

Action                   || total
-------------------------++-------
Melee: Unarmed           ||    51
       Mace              ||    71
 Cast: Sandblast         ||    17
  Use: Scroll            ||     1
 Stab: Sleeping          ||     1
  Eat: Chunk             ||     4
Armor: Robe              ||    66
Dodge: Dodged            ||   128
